 Dungeon Crawl Stone Soup version 0.21.1-1-g345015fe64 (webtiles) character file.

6136 PikkenKukken the Schismatic (level 10, -8/85 (86) HPs)
             Began as a Demonspawn Abyssal Knight on June 23, 2018.
             Was an Elder of Lugonu.
             Mangled by a troll (10 damage)
             ... on level 10 of the Dungeon.
             The game lasted 00:31:46 (12004 turns).

PikkenKukken the Schismatic (DsAK)                 Turns: 12004, Time: 00:31:49

HP:   -8/85 (86)    AC: 15    Str: 16    XL:     10   Next: 59%
MP:   17/17         EV:  5    Int: 13    God:    Lugonu [****..]
Gold: 468           SH:  0    Dex: 13    Spells: 9/9 levels left

rFire    . . .     SeeInvis .   p - +0 trident
rCold    . . .     Gourm    .   (no shield)
rNeg     . . .     Faith    .   t - +0 plate armour
rPois    +         Spirit   .   (helmet restricted)
rElec    .         Reflect  .   (no cloak)
rCorr    .         Harm     .   (no gloves)
MR       ++...                  (no boots)
Stlth    ..........             (no amulet)
HPRegen  0.24/turn              d - ring of protection from magic
MPRegen  0.15/turn              e - ring of poison resistance

@: no status effects
A: horns 2, rugged brown scales 2, magic resistance 1, mutation resistance 1
a: Depart the Abyss, Bend Space, Banish, Corrupt, Renounce Religion


You were on level 10 of the Dungeon.
You worshipped Lugonu.
Lugonu was greatly pleased with you.
You were not hungry.

You visited 1 branch of the dungeon, and saw 10 of its levels.
You visited the Abyss 1 time.

You collected 576 gold pieces.
You spent 108 gold pieces at shops.

Inventory:

Hand Weapons
 a - a +2 spear
 p - a +0 trident (weapon)
Missiles
 k - 155 bolts
Armour
 t - a +0 plate armour (worn)
Jewellery
 b - a +3 ring of intelligence
 d - a ring of protection from magic (left hand)
 e - a ring of poison resistance (right hand)
 g - an uncursed ring of protection from cold
 i - an uncursed ring of magical power
 v - an uncursed ring of protection from magic
Wands
 l - a wand of digging (5)
 m - a wand of enslavement (7)
 B - a wand of flame (27)
Scrolls
 f - a scroll of enchant armour
 h - 2 scrolls of remove curse
 j - 4 scrolls of identify
 n - a scroll of teleportation
 q - 3 scrolls of amnesia
 r - a scroll of summoning
 w - a scroll of enchant weapon
 y - a scroll of blinking
 C - 2 scrolls of magic mapping
Potions
 s - a potion of magic
 z - a potion of haste
 A - a potion of curing
 D - a potion of berserk rage
 E - a potion of might
Books
 o - a book of Conjurations

   Spells                             Type                      Level
   a - Magic Dart                     Conjuration                  1
   b - Searing Ray                    Conjuration                  2
   c - Dazzling Spray                 Conjuration/Hexes            3
   d - Fulminant Prism                Conjuration/Hexes            4
   e - Force Lance                    Conjuration/Translocation    4
   f - Iskenderun's Mystic Blast      Conjuration                  4
 u - a book of Minor Magic

   Spells                             Type                      Level
   a - Magic Dart                     Conjuration                  1
   b - Blink                          Translocation                2
   c - Call Imp                       Summoning                    2
   d - Slow                           Hexes                        2
   e - Conjure Flame                  Conjuration/Fire             3
   f - Mephitic Cloud                 Conjuration/Poison/Air       3
Comestibles
 c - 10 rations
 x - 4 chunks of flesh


   Skills:
 + Level 8.8 Fighting
 + Level 7.7 Polearms
 + Level 7.7 Armour
 - Level 0.8 Dodging
 + Level 10.2 Invocations


You had 9 spell levels left.
You didn't know any spells.

Dungeon Overview and Level Annotations

Branches:
Dungeon (10/15)            Temple (0/1) D:6
   Lair: D:8-11         Orc: D:9-12

Altars:
Okawaru

Shops:
D:7 [*}?   D:9 (   D:10 !

Annotations:
D:5 kaisn's ghost, novice HOBe
Abyss:1 Joseph


Innate Abilities, Weirdness & Mutations

You have a pair of horns on your head.
You are mostly covered in rugged brown scales. (AC +2, +5% HP)
You are resistant to hostile enchantments. (MR+)
You are somewhat resistant to further mutation.


Message History

The troll bites you!
* * * LOW HITPOINT WARNING * * *
The troll claws you but does no damage. x2
Your plate armour prevents you from hitting the troll.
Your headbutt misses the troll.
The troll is almost dead.
The troll barely misses you. The troll claws you but does no damage.
The troll barely misses you.
You hit the troll but do no damage.
The troll is almost dead.
The troll barely misses you. The troll closely misses you.
The troll completely misses you.
You closely miss the troll. You headbutt the troll.
The troll is almost dead.
The troll bites you.
* * * LOW HITPOINT WARNING * * *
The troll claws you.
* * * LOW HITPOINT WARNING * * *
The troll claws you!
You die...

#.#####.##.# #.#
#.##.# #.# #.##.#
#.# #.##.# # #∩#
#.##.####
#.#.#####.#....<.
#.............##
#.#.............#
#######..@T......
#.#.......?
#.##.....## #.#
....## #.# ##..#
..# ..# #. ### ##
#.# .# #.# .#


You could see a troll.

Vanquished Creatures
  Pikel (D:6)
  A centaur zombie (D:10)
  Grinder (D:6)
  2 hippogriffs
  3 ice beasts
  4 sky beasts
  A slave (D:6)
  2 orc warriors
  A phantom (D:10)
  2 necrophages
  2 ogres
  2 centaurs
  A big kobold (D:10)
  A wyvern zombie (D:9)
  A gnoll sergeant (D:10)
  A bullfrog (D:9)
  A scorpion (D:10)
  4 killer bees (D:10)
  4 wights (D:9)
  3 howler monkeys
  3 crimson imps
  2 bullfrog zombies
  2 jellies
  A quasit (D:10)
  3 bullfrog skeletons
  4 hounds
  7 orc wizards
  5 centaur skeletons
  3 iguanas
  7 worker ants
  A hound skeleton (D:7)
  A howler monkey zombie (D:10)
  A worker ant zombie (D:5)
  Robin (D:2)
  12 gnolls
  7 adders
  A shadow imp (D:9)
  2 adder skeletons
  2 worms (D:2)
  2 dart slugs
  6 leopard geckos
  29 orcs
  5 bats
  3 giant cockroaches
  20 goblins
  12 hobgoblins
  13 jackals
  15 kobolds
  A quokka (D:4)
  4 frilled lizards
  5 rats
218 creatures vanquished.

Vanquished Creatures (others)
  A two-headed ogre (D:8)
  A hungry ghost (D:9)
2 creatures vanquished.

Grand Total: 220 creatures vanquished

Notes
Turn   | Place    | Note
-------+----------+-------------------------------------------
     0 | Abyss:1  | PikkenKukken the Demonspawn Abyssal Knight began the quest for the Orb.
     0 | Abyss:1  | Reached XP level 1. HP: 18/18 MP: 2/2
    74 | Abyss:1  | Noticed a large abomination
    74 | D:1      | Escaped the Abyss
   340 | D:1      | Gained mutation: You are partially covered in rugged brown scales. (AC +1, +3% HP) [demonic ancestry]
   340 | D:1      | Reached XP level 2. HP: 14/24 MP: 3/3
   521 | D:1      | Reached * piety under Lugonu
  1324 | D:2      | Reached XP level 3. HP: 7/29 MP: 4/4
  1774 | D:2      | Noticed Robin
  1804 | D:2      | Killed Robin
  1808 | D:2      | Got a scorched helmet
  1830 | D:2      | Gained mutation: You have a pair of small horns on your head. [demonic ancestry]
  1830 | D:2      | Reached XP level 4. HP: 38/38 MP: 5/5
  2623 | D:3      | Reached ** piety under Lugonu
  2790 | D:3      | Reached XP level 5. HP: 43/43 MP: 6/6
  3104 | D:3      | Found an iron altar of Okawaru.
  3893 | D:3      | Reached skill level 3 in Invocations
  4335 | D:4      | Gained mutation: You have a pair of horns on your head. [demonic ancestry]
  4335 | D:4      | Reached XP level 6. HP: 35/50 MP: 8/8
  4869 | D:5      | Entered Level 5 of the Dungeon
  5219 | D:5      | Reached skill level 4 in Invocations
  5297 | D:5      | Reached skill level 5 in Fighting
  5297 | D:5      | Reached XP level 7. HP: 54/57 MP: 10/10
  5394 | D:5      | Noticed kaisn's ghost (novice HOBe)
  5615 | D:5      | Reached *** piety under Lugonu
  5919 | D:6      | Gained mutation: You occasionally shout uncontrollably at your foes. [potion of mutation]
  5919 | D:6      | Gained mutation: Your spells are a little harder to cast, but a little more powerful. [potion of mutation]
  5919 | D:6      | Gained mutation: You are dopey. (Int -2) [potion of mutation]
  5919 | D:6      | Gained mutation: You possess an exceptional clarity of mind. [potion of mutation]
  5930 | D:6      | Reached skill level 5 in Invocations
  6053 | D:6      | Noticed Grinder
  6071 | D:6      | Killed Grinder
  6071 | D:6      | Reached XP level 8. HP: 28/65 MP: 10/12
  6339 | D:6      | Noticed Pikel
  6359 | D:6      | Killed Pikel
  6359 | D:6      | Reached skill level 5 in Polearms
  6359 | D:6      | Reached skill level 5 in Armour
  6359 | D:6      | Reached skill level 6 in Invocations
  6840 | D:6      | Found a staircase to the Ecumenical Temple.
  7101 | D:7      | Found Xotsecva's Armour Emporium.
  7112 | D:7      | Found Madaysyda's Assorted Antiques.
  7132 | D:7      | Noticed Joseph
  7150 | D:7      | Banished Joseph
  7150 | D:7      | Reached skill level 7 in Invocations
  7492 | D:7      | Found Mira's Magic Scroll Shoppe.
  7563 | D:7      | Found Milec's Gadget Boutique.
  7583 | D:7      | Lost mutation: You are dopey. (Int -2) [potion of mutation]
  7583 | D:7      | Lost mutation: You possess an exceptional clarity of mind. [potion of mutation]
  7583 | D:7      | Lost mutation: Your spells are a little harder to cast, but a little more powerful. [potion of mutation]
  7583 | D:7      | Lost mutation: You occasionally shout uncontrollably at your foes. [potion of mutation]
  7583 | D:7      | Gained mutation: You are resistant to hostile enchantments. (MR+) [potion of mutation]
  7583 | D:7      | Gained mutation: You are somewhat resistant to further mutation. [potion of mutation]
  7813 | D:7      | Reached XP level 9. HP: 70/73 MP: 14/14
  8005 | D:7      | Found Vuerghemm's Armour Shoppe.
  8456 | D:8      | Noticed a two-headed ogre
  8458 | D:8      | Banished a two-headed ogre
  8458 | D:8      | Reached skill level 8 in Invocations
  9293 | D:9      | Found Gaecsyta's Antique Weapon Shop.
  9499 | D:9      | Reached skill level 9 in Invocations
  9692 | D:9      | Noticed a troll
 10126 | D:9      | Gained mutation: You are mostly covered in rugged brown scales. (AC +2, +5% HP) [demonic ancestry]
 10126 | D:9      | Reached XP level 10. HP: 75/83 MP: 16/16
 10645 | D:10     | Entered Level 10 of the Dungeon
 11433 | D:10     | Reached skill level 10 in Invocations
 11745 | D:10     | Reached **** piety under Lugonu
 11974 | D:10     | Found Raotod's Distillery.
 11980 | D:10     | Bought a potion of berserk rage for 60 gold pieces
 11980 | D:10     | Bought a potion of might for 48 gold pieces
 12004 | D:10     | HP: 2/85 [troll (6)]
 12004 | D:10     | Mangled by a troll

Skill      XL: |  1  2  3  4  5  6  7  8  9 10 |
---------------+-------------------------------+-----
Armour         | 2 3 4 5 6 7 |  7.7
Polearms       | 2 3 4 5 6 7 |  7.7
Fighting       | 4 5 6 8 |  8.8
Invocations    | 3 4 5 7 9 10 | 10.2
Dodging        | |  0.8

Action                   |  1- 3 |  4- 6 |  7- 9 | 10-12 || total
-------------------------+-------+-------+-------+-------++-------
Melee: Spear             |   137 |   253 |       |       ||   390
       Headbutt          |       |    33 |    77 |    51 ||   161
       Trident           |       |    13 |   447 |   281 ||   741
Invok: Depart the Abyss  |     1 |       |       |       ||     1
       Bend Space        |       |     1 |     1 |       ||     2
       Banish            |       |       |     2 |     1 ||     3
  Use: Scroll            |     6 |     4 |     9 |     1 ||    20
       Potion            |     3 |     3 |     3 |       ||     9
 Stab: Distracted        |       |       |     2 |       ||     2
  Eat: Chunk             |     1 |    10 |     3 |     3 ||    17
       Ration            |     1 |       |     4 |     1 ||     6
Armor: Leather armour    |    16 |       |       |       ||    16
       Scale mail        |    15 |    63 |       |       ||    78
       Chain mail        |       |    57 |    64 |       ||   121
       Plate armour      |       |       |   195 |   188 ||   383
Dodge: Dodged            |    51 |    99 |    87 |    59 ||   296
